[Event "*** SCC Grand Prix: Titled Tuesday Blitz"]
[Site "Chess.com"]
[Date "2020.09.08"]
[Round "7"]
[White "jeetjain"]
[Black "abykhovsky"]
[Result "1/2-1/2"]
[WhiteElo "2438"]
[BlackElo "2649"]
[TimeControl "180+1"]
[EndTime "11:18:54 PDT"]
[Termination "Game drawn by agreement"]

1. e4 c5 2. Nf3 e6 3. d4 cxd4 4. Nxd4 Nc6 5. Nc3 Qc7 6. Be3 Nf6 7. Qd2 Bb4 8. Bd3 d5 9. exd5 Nxd5 10. O-O Nxe3 11. Qxe3 O-O 12. Nxc6 Qxc6 13. Ne4 Be7 14. Rad1 e5 15. Ng5 h6 16. Nf3 Bf6 17. Nxe5 Qe6 18.
Nc4 b5 19. Qxe6 Bxe6 20. Nd6 Bxb2 21. Nxb5 Bxa2 22. c3 a6 23. Rd2 axb5 24. Rxb2 Bc4 25. Bxc4 bxc4 26. Rb4 Rfc8 27. Rc1 Ra2 28. g3 g5 29. Rb7 Rc6 30. Rb8+ Kg7 31. Rb5 Rf6 32. Rf1 Rc2 33. f4 gxf4 34. Rxf4 Rxf4 35. gxf4 Rxc3 36. Kg2 Rc2+ 37. Kg3 Kf6 38. Rc5 Ke6 39. Rc6+ Kd5 40. Rxh6 c3 41. Rh8 Re2 42. Rc8 c2 43. h4 Kd4 44. h5 Kd3 45. h6 Re6 46. h7 Rh6 47. Rd8+ Ke2 48. Re8+ Kd2 49. Rd8+ Ke3 50. Re8+ Kd2 51.
Rd8+ Ke3 52. Re8+ Kd4 53. Rd8+ Ke4 54. Re8+ Kf5 55. Rc8 Rxh7 56. Rxc2 Rg7+ 57. Kf3 Rh7 58. Rc5+ Kg6 59. Rc6+ f6 60. Rc5 Rh1 61. Kg4 Rg1+ 62. Kf3 1/2-1/2

[Event "*** SCC Grand Prix: Titled Tuesday Blitz"]
[Site "Chess.com"]
[Date "2020.09.08"]
[Round "7"]
[White "AlexSuv"]
[Black "poummba"]
[Result "1/2-1/2"]
[WhiteElo "2538"]
[BlackElo "2532"]
[TimeControl "180+1"]
[EndTime "11:18:55 PDT"]
[Termination "Game drawn by agreement"]

1. d4 d5 2. c4 dxc4 3. Nf3 Nf6 4. e3 Be6 5. Nc3 h6 6. Ne5 c5 7. Bxc4 Bxc4 8. Nxc4 cxd4 9. exd4 e6 10. O-O Nc6 11. Be3 Be7 12. Rc1 O-O 13. Qb3 b6 14. Rfd1 Rc8 15.
Ne5 Bd6 16. Nxc6 Rxc6 17. d5 exd5 18. Nxd5 Rxc1 19. Nxf6+ Qxf6 20. Rxc1 Be5 21. Rb1 Rd8 22. h3 Qf5 23. Re1 Qf6 24. Qa4 Bxb2 25. Qxa7 Bd4 26.
Bxd4 Rxd4 27. Rb1 Rd2 28. Qxb6 Qxb6 29. Rxb6 Rxa2 30. Rb8+ Kh7 31. Rb7 f6 32. f3 Kg6 33.
Kh2 Ra5 34. Rb4 h5 35. Kg3 Rc5 36. h4 Rd5 37. Kh3 Re5 38. Rb3 Rd5 39. g4 hxg4+ 40.
fxg4 Rc5 41. Kg3 Rd5 42. Kf4 Ra5 43. Rf3 Ra4+ 44. Kg3 Rb4 45. Re3 Ra4 46. Rd3 Rb4 47. Rc3 Ra4 48. Rd3 1/2-1/2

[Event "*** SCC Grand Prix: Titled Tuesday Blitz"]
[Site "Chess.com"]
[Date "2020.09.08"]
[Round "7"]
[White "el-roedor"]
[Black "PowerThinking2650"]
[Result "1-0"]
[WhiteElo "2558"]
[BlackElo "2393"]
[TimeControl "180+1"]
[EndTime "11:18:55 PDT"]
[Termination "el-roedor won by resignation"]

1. d4 Nf6 2. c4 g6 3. Nc3 Bg7 4. e4 d6 5. f3 O-O 6. Bg5 c5 7. d5 Nbd7 8. Nh3 Ne5 9. Nf2 Qa5 10. Qd2 Qb4 11. b3 h6 12. Bxf6 Bxf6 13. Rc1 Bg7 14.
Be2 f5 15. exf5 gxf5 16. O-O Bd7 17. Nd3 Nxd3 18. Bxd3 e5 19. dxe6 Bxe6 20. Rc2 Rae8 21. Nb5 Qxd2 22. Rxd2 Rd8 23. Nxa7 Bc3 24. Rdd1 Bd4+ 25. Kh1 f4 26. Nb5 Be3 27. Be4 Ra8 28.
a4 Rad8 29. Bxb7 d5 30. Bxd5 Bxd5 31. Rxd5 Rxd5 32. cxd5 Rd8 33. Rd1 Kf7 34. g3 Kf6 35. Kg2 Ke5 36. d6 Bd4 37. Re1+ Kd5 38. gxf4 Rg8+ 39.
Kh3 c4 40. bxc4+ Kxc4 41. Nxd4 Kxd4 42. d7 Rd8 43. Rd1+ Ke3 44. Kg4 Rh8 1-0

[Event "*** SCC Grand Prix: Titled Tuesday Blitz"]
[Site "Chess.com"]
[Date "2020.09.08"]
[Round "7"]
[White "Happy1712Drummer"]
[Black "Mbneu"]
[Result "1/2-1/2"]
[WhiteElo "2406"]
[BlackElo "2272"]
[TimeControl "180+1"]
[EndTime "11:18:55 PDT"]
[Termination "Game drawn by repetition"]

1. d4 Nf6 2. c4 c5 3. d5 e6 4.
Nc3 exd5 5. cxd5 d6 6. Nf3 g6 7. Bf4 Bg7 8. Qa4+ Bd7 9. Qb3 b5 10. Bxd6 Qb6 11. Be5 O-O 12. e3 c4 13. Qd1 b4 14.
Ne2 Bb5 15. Ned4 Nbd7 16. Nxb5 Qxb5 17. Bd4 Qxd5 18. Be2 a5 19. O-O Rac8 20. Nd2 c3 21. Bf3 Qf5 22. bxc3 bxc3 23. Nb3 Ne5 24. Be2 c2 25. Qd2 Ne4 26. Qxa5 Nc4 27. Qxf5 gxf5 28. Rfc1 Na3 29. Bxg7 Kxg7 30. Nd4 Kf6 31. f3 Nc3 32. Bd3 Nd1 33. Bxf5 Nxe3 34. Bxc8 Rxc8 35. Kf2 Nd5 36. Nb3 Ke5 37. Ke2 Nf4+ 38. Kf1 Kd5 39. g3 Nd3 40. Ke2 Nxc1+ 41. Rxc1 Rc3 42. Na1 Kc4 43. Kd2 Rd3+ 44. Ke2 Rc3 45. Kd2 Rd3+ 46. Ke2 Rc3 1/2-1/2

[Event "*** SCC Grand Prix: Titled Tuesday Blitz"]
[Site "Chess.com"]
[Date "2020.09.08"]
[Round "7"]
[White "HrvojeZagreb"]
[Black "elegant285"]
[Result "0-1"]
[WhiteElo "2162"]
[BlackElo "2350"]
[TimeControl "180+1"]
[EndTime "11:18:55 PDT"]
[Termination "elegant285 won on time"]

1. d4 f5 2. Bg5 Nf6 3. Bxf6 exf6 4. e3 d5 5. c4 c6 6. Nc3 Bb4 7. Qb3 Bxc3+ 8. bxc3 Qa5 9. Ne2 O-O 10. cxd5 Qxd5 11.
c4 Qa5+ 12. Nc3 Be6 13. Bd3 Na6 14. O-O Nb4 15. Bb1 b5 16. a3 Na6 17. Bd3 Rab8 18. Qc2 bxc4 19. Be2 Rb3 20. Nb1 c3 21. Rc1 Rfb8 22. Nxc3 Rxa3 23. Rxa3 Qxa3 24. Rb1 Rxb1+ 25. Qxb1 Qxc3 26. Bxa6 Qb3 27. Qc1 Qb6 28. Be2 a5 29. Bf3 Bd7 30. h4 h6 31. Qc4+ Kh7 32. Qf7 Qb1+ 33.
Kh2 Qb8+ 34. g3 Qe8 35. Qa2 Qd8 36. Bh5 c5 37. Qf7 Be8 0-1

[Event "*** SCC Grand Prix: Titled Tuesday Blitz"]
[Site "Chess.com"]
[Date "2020.09.08"]
[Round "7"]
[White "Euge_chess"]
[Black "davigator"]
[Result "0-1"]
[WhiteElo "2124"]
[BlackElo "2358"]
[TimeControl "180+1"]
[EndTime "11:18:56 PDT"]
[Termination "davigator won by checkmate"]

1. e4 c5 2. c3 Nf6 3. e5 Nd5 4. g3 d6 5. exd6 Qxd6 6. Bg2 Nc6 7. Nf3 e5 8. O-O Bg4 9. Qa4 Bd7 10. Re1 Be7 11.
Na3 Nb6 12. Qc2 O-O 13. d3 Bf5 14. Rd1 Rad8 15. Ne1 Bg4 16. f3 Bf5 17. Qf2 Qd7 18. Be3 c4 19. Nxc4 Nxc4 20. dxc4 Qxd1 21. Rxd1 Rxd1 22.
g4 Be6 23. Bf1 Rfd8 24. Bc5 Bxc5 25. Qxc5 Rxe1 26. Kf2 Rb1 27. b4 Rd2+ 28. Be2 Rbb2 29. Kg3 Rxe2 30. b5 g5 31. f4 gxf4+ 32. Kh4 h6 33. h3 Nd8 34. Qe7 Rbd2 35. Qe8+ Kg7 36. Kh5 Re3 37. h4 Rg3 38. g5 Bg4# 0-1

[Event "*** SCC Grand Prix: Titled Tuesday Blitz"]
[Site "Chess.com"]
[Date "2020.09.08"]
[Round "7"]
[White "denispopov"]
[Black "eCztery"]
[Result "1-0"]
[WhiteElo "1974"]
[BlackElo "2296"]
[TimeControl "180+1"]
[EndTime "11:18:56 PDT"]
[Termination "denispopov won by resignation"]

1. e4 c5 2. Nc3 Nc6 3. Bb5 g6 4. Bxc6 dxc6 5. Nge2 Bg7 6. O-O e5 7. d3 Ne7 8. Be3 b6 9. a4 Rb8 10. a5 O-O 11. axb6 axb6 12. Ra7 Bb7 13. Qa1 f5 14. Qa2+ Kh8 15. Qe6 f4 16. Bd2 f3 17. gxf3 Ng8 18.
f4 Bc8 19. Qxc6 Bh3 20. Qc7 Qxc7 21. Rxc7 Bxf1 22. Kxf1 exf4 23. Nxf4 Be5 24. Ne6 Bxc7 25. Nxc7 Nf6 26. Ne6 Rf7 27. Ng5 Ra7 28. Bf4 Kg8 29. Bxb8 Ra8 30. Be5 Ng4 31. Bg3 Ra1+ 32. Ke2 h6 33. Ne6 h5 34. Nf4 Kf7 35. Ncd5 Nf6 36. Nxf6 Kxf6 37. Nd5+ Kf7 38. Nxb6 g5 39. h4 gxh4 40.
Bxh4 Rh1 41. Bg3 h4 42. Bf4 h3 43. Kf3 Kg6 44. Kg3 Kh5 45. Nd5 h2 46. Kg2 Re1 47. Bxh2 Kg4 48. Ne3+ Kh4 49. Bg3+ Kg5 50. Bd6 c4 51.
Nxc4 Kh4 52. Bg3+ Kg4 53. f3+ Kh5 54. Bxe1 1-0

[Event "*** SCC Grand Prix: Titled Tuesday Blitz"]
[Site "Chess.com"]
[Date "2020.09.08"]
[Round "7"]
[White "dragos420"]
[Black "Taron_Shagbazyan"]
[Result "0-1"]
[WhiteElo "2500"]
[BlackElo "2682"]
[TimeControl "180+1"]
[EndTime "11:18:57 PDT"]
[Termination "Taron_Shagbazyan won by resignation"]

1. e4 e5 2. Nf3 Nc6 3. Bc4 Bc5 4. d3 d6 5. O-O Nf6 6. c3 O-O 7. Bb3 h6 8. Nbd2 a6 9. h3 Kh8 10. Re1 Ng8 11. Nf1 f5 12. exf5 Bxf5 13. Ng3 Bh7 14. Be3 Bxe3 15. Rxe3 Nge7 16. d4 Ng6 17. Bc2 exd4 18.
Nxd4 Nce5 19. Ne6 Qf6 20. Nxf8 Rxf8 21. Ne4 Qh4 22. Qd4 Nf4 23. Ng3 Bxc2 24. Rae1 Bg6 25.
Qb4 Qf6 26. Rf1 b6 27. Qd4 a5 28. Ne4 Bxe4 29. Qxe4 Qg5 30. Rg3 Qh4 31. Re1 Qf6 32. Rf1 Nfd3 33. Qe2 Nc5 34. b4 axb4 35. cxb4 Ne6 36.
Qe4 Nf4 37. a4 c5 38. a5 d5 39. Qe3 d4 40. Qe4 d3 41. axb6 Ne2+ 42. Kh2 Nxg3 43.
Kxg3 d2 44. bxc5 Rd8 45. f4 Nd3 46. Rd1 Nxc5 47. Qe3 Rd3 0-1

[Event "*** SCC Grand Prix: Titled Tuesday Blitz"]
[Site "Chess.com"]
[Date "2020.09.08"]
[Round "7"]
[White "chessplayer9919"]
[Black "MFBerna"]
[Result "1-0"]
[WhiteElo "2598"]
[BlackElo "2454"]
[TimeControl "180+1"]
[EndTime "11:18:57 PDT"]
[Termination "chessplayer9919 won by checkmate"]

1. e4 e5 2. Nf3 Nc6 3. d4 exd4 4. Nxd4 Nf6 5. Nc3 Bb4 6. Nxc6 bxc6 7. Bd3 d5 8. exd5 cxd5 9. O-O O-O 10. Qf3 c6 11. Bg5 Be7 12. Ne2 h6 13. Be3 Re8 14. Nd4 Bd7 15.
Nf5 Bf8 16. Bd4 Bxf5 17. Qxf5 Ne4 18. Rfe1 Qg5 19. Qf3 Qg6 20. c4 Re6 21. cxd5 cxd5 22. Rad1 Rae8 23. Re3 Qg5 24. Rde1 Bc5 25. Bxc5 Nxc5 26.
Rxe6 Rxe6 27. Rxe6 Nxe6 28. g3 Qc1+ 29. Kg2 Qxb2 30.
Qxd5 Qb6 31. Qa8+ Nf8 32. Qe4 g6 33. a4 Qf6 34. h4 a5 35. Bc4 Kg7 36. Qb7 Qe5 37. Qxf7+ Kh8 38. Qg8# 1-0

[Event "*** SCC Grand Prix: Titled Tuesday Blitz"]
[Site "Chess.com"]
[Date "2020.09.08"]
[Round "7"]
[White "aa175"]
[Black "suyu28"]
[Result "0-1"]
[WhiteElo "2392"]
[BlackElo "2557"]
[TimeControl "180+1"]
[EndTime "11:18:58 PDT"]
[Termination "suyu28 won by checkmate"]

1. d4 Nf6 2. Nf3 g6 3. Bf4 Bg7 4. e3 O-O 5. Be2 d6 6. O-O b6 7.
c4 Bb7 8. Nc3 Nbd7 9. Qc2 Nh5 10. Bg5 h6 11. Bh4 g5 12. Nd2 Nf4 13. exf4 gxh4 14.
Bf3 Qc8 15. Bxb7 Qxb7 16. Nd5 e6 17. Ne7+ Kh8 18. f5 h3 19. d5 exd5 20. cxd5 Nf6 21. Ne4 Nxe4 22. Qxe4 Rae8 23. Qh4 Rxe7 24. Qxe7 Qxd5 25.
f3 Rg8 26. g4 Qd2 27. Rf2 Bd4 28. Rf1 Bxf2+ 29. Rxf2 Qc1+ 30. Rf1 Qxb2 31. Rf2 Qb1+ 32.
Rf1 Qxa2 33. Qf6+ Kh7 34. Rf2 Qd5 35. Re2 Qxf3 36. Qxf7+ Rg7 37. Qe7 Qxg4+ 38. Kf1 Qg1# 0-1

[Event "*** SCC Grand Prix: Titled Tuesday Blitz"]
[Site "Chess.com"]
[Date "2020.09.08"]
[Round "7"]
[White "KuzubovYuriy"]
[Black "Sibelephant"]
[Result "1-0"]
[WhiteElo "2926"]
[BlackElo "3108"]
[TimeControl "180+1"]
[EndTime "11:18:59 PDT"]
[Termination "KuzubovYuriy won by checkmate"]

1. d4 d5 2. c4 c6 3. Nf3 Nf6 4. Nc3 e6 5. e3 Ne4 6. Bd3 f5 7. Ne5 Qf6 8. O-O Bd6 9. f4 O-O 10. Bd2 Kh8 11. Be1 Nd7 12. Qh5 g6 13.
Qh3 Qg7 14. Bxe4 fxe4 15. Bh4 Nf6 16. c5 Bc7 17. b4 Bd7 18. a4 a6 19. Rab1 Ng8 20.
Bg5 Rf5 21. Ne2 h6 22. g4 Rff8 23. Nxd7 Qxd7 24. Bxh6 Qh7 25. g5 Nxh6 26. gxh6 Kg8 27. Qxe6+ Rf7 28. Ng3 Qxh6 29. Rb2 Rf8 30. Rg2 Kh7 31. b5 axb5 32. axb5 Rf6 33. Qg4 R8f7 34. bxc6 bxc6 35. Rb1 Ba5 36. Ra2 Bd8 37. Ra8 Bc7 38.
Qc8 Qg7 39. Rb7 Kh6 40. Qh3# 1-0

[Event "*** SCC Grand Prix: Titled Tuesday Blitz"]
[Site "Chess.com"]
[Date "2020.09.08"]
[Round "7"]
[White "Aborigen_came"]
[Black "jhonnyuribe"]
[Result "0-1"]
[WhiteElo "2688"]
[BlackElo "2530"]
[TimeControl "180+1"]
[EndTime "11:18:59 PDT"]
[Termination "jhonnyuribe won on time"]

1. Nc3 d5 2. e4 dxe4 3. Nxe4 a6 4. d4 g6 5. Nf3 Bg7 6. Bf4 Nf6 7. Nxf6+ exf6 8.
Be2 O-O 9. O-O b5 10. c3 Bb7 11. Ne1 f5 12. Nd3 Nd7 13. Bf3 Be4 14. a4 c6 15.
axb5 axb5 16. Rxa8 Qxa8 17. Nb4 c5 18. Bxe4 Qxe4 19.
dxc5 Nxc5 20. Be3 Ne6 21. Qd3 Qxd3 22. Nxd3 Rd8 23. Nf4 Nxf4 24. Bxf4 b4 25. cxb4 Rd4 26. g3 Rxb4 27. Rb1 Rxb2 28. Rxb2 Bxb2 29. Kg2 Kg7 30.
f3 Kf6 31. h3 Ke6 32. Be3 Kd5 33. Bd2 Kd4 34. Bh6 Kd3 35. Bf8 Ke2 36. Bd6 Bd4 37. Bc7 Be3 38. Bd6 Bg5 39. Bc7 Be7 40. Be5 Bd8 41.
Bd6 Bf6 42. Bc7 g5 43. Bb8 h5 44. g4 fxg4 45. fxg4 hxg4 46. hxg4 Ke3 47. Bc7 Ke4 48. Bb6 Bd4 49. Ba5 Kf4 50. Kh3 Kf3 51. Bd8 f5 52.
gxf5 g4+ 53. Kh4 g3 54. Bc7 g2 55. Bh2 Kf2 56. Kg4 Be5 0-1

[Event "*** SCC Grand Prix: Titled Tuesday Blitz"]
[Site "Chess.com"]
[Date "2020.09.08"]
[Round "7"]
[White "zmeeed67"]
[Black "leejunhyeok"]
[Result "0-1"]
[WhiteElo "2430"]
[BlackElo "2654"]
[TimeControl "180+1"]
[EndTime "11:18:59 PDT"]
[Termination "leejunhyeok won on time"]

1. e4 g6 2. g3 Bg7 3. Bg2 c5 4. Ne2 Nc6 5. O-O Nf6 6. Nbc3 O-O 7. a3 d6 8. Rb1 b6 9. b4 Bb7 10.
d3 Nd7 11. Nd5 e6 12. Ne3 Nd4 13. Bb2 e5 14. c3 Nxe2+ 15. Qxe2 b5 16. bxc5 dxc5 17.
Nd5 Nb6 18. c4 Nxd5 19. exd5 Re8 20. Rfe1 a5 21. Qc2 b4 22. Re2 a4 23. Rbe1 Qd7 24.
Bxe5 Bxe5 25. Rxe5 Rxe5 26. Rxe5 Re8 27. f4 Rxe5 28.
fxe5 b3 29. Qc3 Qg4 30. Qe1 Qd4+ 31. Kh1 b2 32. e6 fxe6 33. dxe6 Bxg2+ 34. Kxg2 Kf8 35.
e7+ Ke8 36. h4 Qxd3 37. Qf2 Qe4+ 0-1

[Event "*** SCC Grand Prix: Titled Tuesday Blitz"]
[Site "Chess.com"]
[Date "2020.09.08"]
[Round "7"]
[White "MarceloPlaya"]
[Black "CzechmVIII"]
[Result "1-0"]
[WhiteElo "2352"]
[BlackElo "2179"]
[TimeControl "180+1"]
[EndTime "11:19:02 PDT"]
[Termination "MarceloPlaya won on time"]

1. e4 c5 2. Nf3 d6 3. d4 cxd4 4.
Nxd4 Nf6 5. Nc3 g6 6. Be3 Bg7 7. Bc4 Nc6 8. f3 O-O 9. Bb3 Bd7 10. Qd2 Rc8 11. O-O-O Ne5 12. h4 h5 13. g4 hxg4 14.
h5 Nxh5 15. Bh6 e6 16. Rdg1 Qf6 17. Bxg7 Qxg7 18. fxg4 Nf6 19. Rh4 Rxc3 20. Qxc3 Nxe4 21. Qe3 d5 22. Rgh1 g5 23. Rh8+ Qxh8 24. Rxh8+ Kxh8 25. c3 Kg7 26. Bc2 Nxg4 27. Qg1 Ngf6 28. Nf3 Rg8 29.
Nxg5 Kf8 30. Bxe4 dxe4 31. Qc5+ Kg7 32. Nxe4 Nxe4 33. Qe5+ Kf8 34. Qxe4 Bc6 35. Qb4+ Ke8 36. Qd6 Rg6 37. Qb8+ Ke7 38. Qxa7 f5 39. a4 f4 40.
Qc5+ Kf6 41. a5 f3 42. a6 Rg2 43. a7 1-0

[Event "*** SCC Grand Prix: Titled Tuesday Blitz"]
[Site "Chess.com"]
[Date "2020.09.08"]
[Round "7"]
[White "Lion-Al-Messi"]
[Black "Mambastik-Fantastic"]
[Result "1/2-1/2"]
[WhiteElo "2529"]
[BlackElo "2308"]
[TimeControl "180+1"]
[EndTime "11:19:03 PDT"]
[Termination "Game drawn by agreement"]

1. e4 c5 2. Nf3 d6 3. d4 Nf6 4. Nc3 cxd4 5. Nxd4 a6 6. h3 e5 7.
Nde2 g6 8. g4 Bg7 9. Bg2 O-O 10.
O-O b5 11. Be3 Bb7 12. Nd5 Nxd5 13. exd5 Nd7 14. Qd2 Re8 15. Bh6 Bh8 16. Rad1 Rc8 17. c3 f5 18. gxf5 gxf5 19. Ng3 Qf6 20. Bg5 Qg6 21.
h4 h6 22. Bxh6 Nc5 23. Be3 f4 24. Bxc5 fxg3 25. Be3 e4 26. fxg3 Qxg3 27. Rf4 Be5 28. Rdf1 Bxf4 29. Rxf4 Rf8 30. Rxe4 Rc4 31. Bd4 Bxd5 32.
Re7 Rxd4 33. cxd4 Rf4 34. Qe2 Qxg2+ 35. Qxg2+ Bxg2 36. Kxg2 Rxh4 37. d5 Rd4 38. Kf3 Rxd5 39. Ke3 Re5+ 40. Rxe5 dxe5 41. Ke4 Kf7 42. Kxe5 Ke7 43.
Kd5 Kd7 44. Kc5 Kc7 45. b4 Kb7 46. Kd6 Kb6 47. Kd7 a5 48. a3 axb4 49. axb4 Kb7 50. Kd6 Kb6 51. Kd5 Kb7 52. Kc5 Kc7 53. Kxb5 Kb7 54.
Kc5 Kc7 55. b5 Kb7 56. b6 Kb8 57. Kb5 Kb7 58. Ka5 Kb8 59. Ka6 Ka8 1/2-1/2

[Event "*** SCC Grand Prix: Titled Tuesday Blitz"]
[Site "Chess.com"]
[Date "2020.09.08"]
[Round "7"]
[White "Manukyan_Artak"]
[Black "Sofiia_Hryzlova"]
[Result "1-0"]
[WhiteElo "2400"]
[BlackElo "2277"]
[TimeControl "180+1"]
[EndTime "11:19:03 PDT"]
[Termination "Manukyan_Artak won by checkmate"]

1. e4 c5 2. Nf3 Nc6 3. c3 Nf6 4. e5 Nd5 5. d4 cxd4 6. cxd4 d6 7. Nc3 Nxc3 8. bxc3 dxe5 9. d5 e4 10. Ng5 Ne5 11.
Nxe4 Bd7 12. Qd4 Ng4 13. Be2 Nf6 14. Nxf6+ gxf6 15. O-O Bg7 16. Qh4 Bf5 17. Bb5+ Kf8 18. Rd1 Rc8 19. Bh6 Qd6 20. Bf4 Qc5 21. Bf1 Rd8 22. c4 h5 23. Be3 Qa5 24. c5 Bg4 25. f3 Qa3 26. Bf2 Bf5 27. Qf4 Bc2 28. Rd2 Ba4 29. d6 e5 30. Qf5 Bd7 31. Qc2 Bh6 32. Rd3 Qa5 33. Qb2 Bc6 34. Ra3 Qd2 35. Qxd2 Bxd2 36.
Rxa7 h4 37. h3 f5 38. a4 e4 39. fxe4 fxe4 40. Bd4 Rg8 41. a5 e3 42. a6 e2 43.
axb7 exf1=Q+ 44. Kxf1 Rxg2 45. Ra8 Rxa8 46. bxa8=Q+ Bxa8 47. Rxa8# 1-0

[Event "*** SCC Grand Prix: Titled Tuesday Blitz"]
[Site "Chess.com"]
[Date "2020.09.08"]
[Round "7"]
[White "Brave_spirit12"]
[Black "Leonid_Starozhilov"]
[Result "0-1"]
[WhiteElo "2502"]
[BlackElo "2685"]
[TimeControl "180+1"]
[EndTime "11:19:04 PDT"]
[Termination "Leonid_Starozhilov won by resignation"]

1. e4 d6 2. d4 Nf6 3. Nc3 Nbd7 4. Bf4 e5 5. Be3 c6 6. Qd2 b5 7. d5 b4 8. dxc6 bxc3 9. cxd7+ Bxd7 10. Qxc3 Nxe4 11.
Qd3 Nf6 12. Be2 Be7 13. Bf3 Rb8 14. b3 Qa5+ 15. Bd2 Qa3 16. Ne2 O-O 17. O-O Be6 18.
Nc3 Rfc8 19. Bg5 h6 20. Bxf6 Bxf6 21. Ne4 Be7 22. c4 Bxc4 23. Qd2 Bxf1 24. Rxf1 a5 25.
Nc3 Qb4 26. Rc1 d5 27. Bxd5 Bg5 28. f4 Bxf4 29. Qf2 Rxc3 30. Rxc3 Qxc3 31. Bxf7+ Kh8 32. Qf1 Qc1 33. Qxc1 Bxc1 34. a4 Rd8 35. Kf2 Bb2 36.
Ke3 Bd4+ 37. Ke4 Rf8 38. Bc4 Rf2 39. Kd5 Rxg2 40. Kc6 Rxh2 41. Kb5 Rc2 42. Kxa5 e4 43. Kb5 e3 44. Bd3 Rc3 45. Bc4 Rxc4 0-1

[Event "*** SCC Grand Prix: Titled Tuesday Blitz"]
[Site "Chess.com"]
[Date "2020.09.08"]
[Round "7"]
[White "ChessWarrior7197"]
[Black "jefferyx"]
[Result "0-1"]
[WhiteElo "2949"]
[BlackElo "2942"]
[TimeControl "180+1"]
[EndTime "11:19:05 PDT"]
[Termination "jefferyx won on time"]

1. e4 c5 2. Nf3 d6 3. d4 Nf6 4. dxc5 Nxe4 5. cxd6 Nc6 6. Be3 Nxd6 7. Nc3 Bg4 8. h3 Bh5 9. Nb5 e6 10. g4 Bg6 11. Bf4 Nxb5 12. Qxd8+ Rxd8 13. Bxb5 Be4 14. Ke2 a6 15. Bxc6+ Bxc6 16. Rhd1 Rc8 17. c4 f6 18. b3 Be7 19. Bd6 Bd8 20. Nd4 Bd7 21. f4 h5 22. g5 fxg5 23. fxg5 Bxg5 24. Nf3 Bf6 25. Ne5 h4 26. Rac1 Rh5 27. Ng4 Bc6 28. Rf1 Kf7 29. Be5 Bg2 30. Bxf6 Bxf1+ 31. Rxf1 gxf6 32. Rxf6+ Ke7 33. Rg6 Rf8 34. Rg7+ Rf7 35. Rg8 Ra5 36. a4 Raf5 37. Rh8 Kd6 38. Rxh4 Rf3 39.
Ne3 Kc5 40. Re4 Kb4 41. h4 Kxb3 42. c5 Rh3 0-1

[Event "*** SCC Grand Prix: Titled Tuesday Blitz"]
[Site "Chess.com"]
[Date "2020.09.08"]
[Round "7"]
[White "Alexsur1981"]
[Black "VerdeNotte"]
[Result "1-0"]
[WhiteElo "2725"]
[BlackElo "2843"]
[TimeControl "180+1"]
[EndTime "11:19:05 PDT"]
[Termination "Alexsur1981 won by resignation"]

1. e4 e5 2. f4 exf4 3. Bc4 Nc6 4. d4 Qh4+ 5. Kf1 Nf6 6. Nf3 Qh5 7. Nc3 Bb4 8. e5 d5 9. Nxd5 Nxd5 10. Bxd5 Be6 11. Bxe6 fxe6 12. c3 Be7 13. Qb3 Qf5 14. Qxb7 Qd3+ 15. Kf2 Kd7 16. Qb3 Rab8 17. Qd1 Qxd1 18.
Rxd1 g5 19. b4 a5 20. a3 Rhf8 21. Nd2 g4 22. Ne4 Nd8 23. Rf1 Kc6 24. Ke2 f3+ 25. gxf3 gxf3+ 26. Kd3 Nb7 27. Bd2 Rf5 28. c4 Rd8 29.
b5+ Kb6 30. Kc3 c5 31. bxc6 Kxc6 32. Be3 a4 33. Kd3 Na5 34. Nc3 Nb3 35. Rad1 Bxa3 36. Ke4 Bb4 37. d5+ Kc7 38. dxe6 Rff8 39. Nd5+ Rxd5 40.
cxd5 a3 41. d6+ Kc6 42. e7 Ra8 43. Kxf3 a2 44. Bg5 Kd7 45. e6+ Kxe6 46. d7 Nd2+ 47. Rxd2 Bxd2 48. e8=Q+ Kf5 49. Bxd2 1-0

[Event "*** SCC Grand Prix: Titled Tuesday Blitz"]
[Site "Chess.com"]
[Date "2020.09.08"]
[Round "7"]
[White "PIwan"]
[Black "BocharovD"]
[Result "0-1"]
[WhiteElo "2558"]
[BlackElo "2799"]
[TimeControl "180+1"]
[EndTime "11:19:05 PDT"]
[Termination "BocharovD won on time"]

1. c4 c5 2. Nf3 Nc6 3. e3 Nf6 4.
Nc3 g6 5. d4 cxd4 6. exd4 d5 7.
cxd5 Nxd5 8. Qb3 e6 9. Bg5 Be7 10. Bh6 Bf8 11. Bxf8 Kxf8 12. Bb5 Nce7 13. O-O Kg7 14.
Rad1 Bd7 15. Bxd7 Qxd7 16. Ne5 Qd6 17. Ne4 Qb4 18. Qf3 Nf5 19. g4 Nh6 20. Ng5 Qe7 21. Ne4 Rhf8 22. Rfe1 Rad8 23. Qg3 Rc8 24. Re2 Rfd8 25.
h4 b6 26. Ng5 Rc7 27. Rde1 Kg8 28. Nexf7 Nxf7 29. Nxe6 Rd6 30. Nxc7 Qxc7 31. Re8+ Kg7 32. h5 Qd7 33. g5 gxh5 34. Qf3 Qg4+ 35. Qxg4 hxg4 36.
R8e4 Nxg5 37. Rxg4 Kf6 38. f4 Nf3+ 39. Kf2 Nxe1 40.
Kxe1 Re6+ 41. Kd2 Kf5 42. Rh4 h6 43. Rh5+ Ke4 44. f5 Rf6 0-1

[Event "*** SCC Grand Prix: Titled Tuesday Blitz"]
[Site "Chess.com"]
[Date "2020.09.08"]
[Round "7"]
[White "Witik"]
[Black "GelmanAlexander"]
[Result "1-0"]
[WhiteElo "2702"]
[BlackElo "2507"]
[TimeControl "180+1"]
[EndTime "11:19:05 PDT"]
[Termination "Witik won on time"]

1. e4 c5 2. Nf3 e6 3. d4 cxd4 4.
Nxd4 a6 5. c4 b6 6. Nc3 Bb7 7.
a3 d6 8. Be2 Nf6 9. f3 Nbd7 10.
O-O Rc8 11. Be3 h6 12. Kh1 g5 13. b4 Ne5 14. Qb3 Nfd7 15. Rfd1 Be7 16. a4 Qc7 17. Rac1 h5 18. Bf1 Rg8 19. Bg1 Bf6 20. Ndb5 axb5 21.
Nxb5 Qb8 22. Nxd6+ Ke7 23. c5 bxc5 24. bxc5 Bc6 25.
Bb5 Rc7 26. Bd4 h4 27. h3 Qa8 28. Qe3 Rg6 29. Rd2 Qh8 30. Rcd1 Qa8 31. Bc3 Bxb5 32. axb5 Qa3 33. c6 Nc5 34. Ra1 Qb3 35. Rb2 Qxc3 36. Qxc3 Ned3 37. Qc4 Bxb2 38. Rf1 Be5 39. Nb7 Rg8 40. Nxc5 1-0

[Event "*** SCC Grand Prix: Titled Tuesday Blitz"]
[Site "Chess.com"]
[Date "2020.09.08"]
[Round "7"]
[White "Konavets"]
[Black "GadimbayliA"]
[Result "1/2-1/2"]
[WhiteElo "3069"]
[BlackElo "2912"]
[TimeControl "180+1"]
[EndTime "11:19:06 PDT"]
[Termination "Game drawn by repetition"]

1. e4 e5 2. Nf3 d5 3. Nxe5 Bd6 4. d4 dxe4 5. Bc4 Bxe5 6. Qh5 Qe7 7. Qxe5 Qxe5 8.
dxe5 Nc6 9. Nc3 Nxe5 10. Bb3 Nf6 11. Bf4 Nc6 12. Bxc7 O-O 13. O-O-O Bg4 14. Rd2 Rac8 15. Bd6 Rfe8 16. Re1 h6 17. h3 Be6 18. Nxe4 Nxe4 19.
Rxe4 Bxb3 20. Rxe8+ Rxe8 21. axb3 Re1+ 22. Rd1 Re2 23.
Bc5 Re5 24. Be3 Re7 25. c3 f6 26. b4 a6 27. Bc5 Rc7 28. Kc2 Kf7 29. Kb3 g5 30.
Ka4 Ne5 31. Bb6 Rc6 32. Be3 Ke6 33. Kb3 Rc7 34. Bd4 Nc6 35. Bc5 Kf5 36. Rd6 h5 37. Bd4 Nxd4+ 38. Rxd4 Re7 39. g4+ hxg4 40. hxg4+ Kg6 41. Rd3 Re2 42. f3 Rf2 43. c4 f5 44.
c5 f4 45. Kc3 Kf6 46. Rd6+ Ke5 47. Rg6 Rxf3+ 48. Kc4 Rf1 49. Rxg5+ Ke4 50. Rg7 Rc1+ 51. Kb3 f3 52. Re7+ Kd3 53. Rd7+ Ke2 54. Re7+ Kd3 55.
Rd7+ Ke2 56. Re7+ Kd3 1/2-1/2

[Event "*** SCC Grand Prix: Titled Tuesday Blitz"]
[Site "Chess.com"]
[Date "2020.09.08"]
[Round "7"]
[White "Jungle_Jaguar"]
[Black "crossingthestreet"]
[Result "1/2-1/2"]
[WhiteElo "2654"]
[BlackElo "2442"]
[TimeControl "180+1"]
[EndTime "11:19:06 PDT"]
[Termination "Game drawn by repetition"]

1. e4 e6 2. d4 d5 3. Nc3 Nf6 4. Bg5 Bb4 5. e5 h6 6. Bd2 Bxc3 7. bxc3 Ne4 8. Qg4 g6 9. Bd3 Nxd2 10. Kxd2 c5 11. Nf3 Nc6 12. dxc5 Qe7 13. Qf4 Qxc5 14. Nd4 Nxd4 15. cxd4 Qa5+ 16. Ke2 b6 17. Qf6 Rg8 18. h4 Ba6 19. Rh3 Rc8 20. Rc1 Qxa2 21. Kd1 Bxd3 22. Rxd3 Qa6 23. g4 Qc4 24. Qf4 g5 25. Qf6 gxh4 26. Qxh4 a5 27. f3 Rg6 28. f4 Kd7 29. Kd2 Rcg8 30. Rg1 Rc8 31. Rc1 a4 32. Qh3 Rcg8 33.
Rg1 a3 34. g5 hxg5 35. f5 g4 36. Qh5 exf5 37. Qxf5+ Ke7 38. Rf1 R8g7 39. Ra1 a2 40. Kc1 g3 41. Ra3 Rc6 42. Ra7+ Rc7 43. Qf6+ Kd7 44.
Rxc7+ Kxc7 45. Qxg7 Qf1+ 46. Kb2 Qb5+ 47. Kxa2 Qa4+ 48.
Kb2 Qb4+ 49. Ka2 Qa4+ 50. Kb1 Qb4+ 51. Kc1 Qe1+ 52. Kb2 Qb4+ 53. Ka2 Qa4+ 1/2-1/2